 Seeded DCSS version 0.30.1-6-gbe392663c4 (webtiles) character file.

Game seed: 15140874439476535185 (custom seed)

72 Psyclone the Stinger (level 4, 27/27 HPs)
             Began as an Octopode Venom Mage on Sept 20, 2023.
             Was an Initiate of Gozag.
             Quit the game on level 1 of the Dungeon.
             The game lasted 00:07:00 (2448 turns).

Psyclone the Stinger (Octopode Venom Mage)          Turns: 2448, Time: 00:07:01

Health: 27/27      AC:  1    Str:  7    XL:     4   Next: 25%
Magic:  7/7        EV: 13    Int: 19    God:    Gozag
Gold:   137        SH:  0    Dex: 12    Spells: 6/7 levels left

rFire   . . .        d - +0 dagger
rCold   . . .        (no shield)
rNeg    . . .        (helmet restricted)
rPois   .            (no amulet)
rElec   .            (no ring)
rCorr   .            (no ring)
SInv    .            (no ring)
Will    .....        (no ring)
Stlth   +++          (no ring)
HPRegen 0.24/turn    (no ring)
MPRegen 0.10/turn    (no ring)
                     (no ring)

%: no passive effects
@: no status effects
A: almost no armour, amphibious, 8 rings, camouflage 1, gelatinous body 1,
(nimble swimmer 1), tentacles
a: Renounce Religion, Potion Petition, Call Merchant, Bribe Branch


You were on level 1 of the Dungeon.
You worshipped Gozag.
Gozag was aware of your devotion.
You visited 1 branch of the dungeon, and saw 2 of its levels.

You collected 161 gold pieces.
You paid 24 gold pieces to Gozag.

Inventory:

Hand Weapons
 c - a +0 short sword
 d - a +0 dagger (weapon)
Scrolls
 b - 2 scrolls of teleportation {unknown}
 h - 2 scrolls of fear {unknown}
 j - 2 scrolls of fog {unknown}
 m - a scroll of identify {unknown}
 n - a scroll of vulnerability {unknown}
 o - a scroll of noise {unknown}
Potions
 a - 4 potions of magic
 e - a potion of ambrosia {unknown}
 f - 3 potions of curing {unknown}
 g - 2 potions of resistance {unknown}
 i - a potion of haste {unknown}
 k - 2 potions of heal wounds {unknown}
 l - a potion of mutation {unknown}
 p - a potion of degeneration {unknown}


   Skills:
 - Level 2.0 Dodging
 - Level 2.6 Stealth
 - Level 2.0 Spellcasting
 - Level 1.0 Transmutations
 + Level 6.0 Poison Magic


You had 6 spell levels left.
You knew the following spells:

 Your Spells              Type           Power      Damage    Failure   Level
a - Sting                 Tmut/Pois      60%        1d6       4%          1

Your spell library contained the following spells:

 Spells                   Type           Power      Damage    Failure   Level
 Poisonous Vapours        Pois/Air       26%        N/A       8%          2
 Olgreb's Toxic Radiance  Pois           24%        N/A       14%         4
 Wereblood                Tmut           5%         N/A       17%         2
 Mephitic Cloud           Conj/Pois/Air  9%         N/A       22%         3
 Sublimation of Blood     Necr           1%         N/A       26%         2
 Summon Hydra             Summ           0%         N/A       100%        7


Dungeon Overview and Level Annotations

Branches:
Dungeon (2/15) Zot: 9551

Altars:
Gozag


Innate Abilities, Weirdness & Mutations

You cannot wear most types of armour.
You are amphibious.
You can wear up to eight rings at the same time.
Your skin changes colour to match your surroundings (Stealth+).
Your rubbery body absorbs attacks. (AC +1, EV +1)
((You are camouflaged when in or above water. (Stealth+)))
You have tentacles for arms and can constrict up to eight enemies at once.


Message History

The endoplasm closely misses you.
You hit the endoplasm.
You squeeze the endoplasm, but do no damage.
The endoplasm is moderately wounded.
The endoplasm misses you.
You hit the endoplasm. You squeeze the endoplasm.
You kill the endoplasm!
You now have 128 gold pieces (gained 5).
There is an escape hatch in the ceiling here.
There is an open door here.
There is an open door here.
There is a stone staircase leading up here.
A kobold comes into view. It is wielding a +0 whip.
The helpless kobold fails to defend itself.
You puncture the kobold!
You kill the kobold!
You now have 137 gold pieces (gained 9).
You see here a +0 whip.
There is an open door here.
There is an open door here.
You open the door.
Done exploring.
Done exploring.
Done exploring.
There is an open door here.
There is an open door here.
Done exploring.
There is a stone staircase leading down here.
You see here a +0 spear.
There is a stone staircase leading up here.
You climb upwards.
There is a stone staircase leading down here.
There is an open door here.
You see here a +0 spear.
There is a stone staircase leading down here.
You climb downwards.
There is a stone staircase leading up here.
You climb upwards.
There is a stone staircase leading down here.
Are you sure you want to abandon this character and quit the game? (Confirm with "yes".)

.###...#..###.# #.............#
## #...#...##.# #.##########.##
####...##...#.# #.# #.#
........#.#.#.# #.# #.#
........#.#..)####.# #.#
........#.##....##.# #.#
..........###...##.# #.#
~~~~~~~~~~.......#.# #.#
......8..~......@..# #.#
########.~........## #.#
.#~~~~~#8~........# #.#
§#~...~#.~........# #.#
.#~.#.~#.~.######## #.#
.#~.#.~#8~.##################.#
.#~.#.~#.~....................#
§'..#..'...####################
.'..#..'...#


There were no monsters in sight!

Vanquished Creatures
  An adder (D:2)
  A worm (D:2)
  5 dart slugs
  2 bats
  9 endoplasms
  2 goblins (D:1)
  7 hobgoblins
  5 kobolds
  A quokka (D:2)
  3 ball pythons
  2 frilled lizards
  9 rats
47 creatures vanquished.

Notes
Turn   | Place    | Note
-------+----------+-------------------------------------------
     0 | D:1      | Psyclone the Octopode Venom Mage began the quest for the
                  | Orb.
     0 | D:1      | Reached XP level 1. HP: 11/11 MP: 3/3
   105 | D:1      | Reached skill level 4 in Poison Magic
   154 | D:1      | Reached XP level 2. HP: 14/17 MP: 0/5
   382 | D:1      | Reached skill level 5 in Poison Magic
   382 | D:1      | Reached XP level 3. HP: 9/21 MP: 3/6
  1411 | D:2      | Found an opulent altar of Gozag.
  1415 | D:2      | Found a faded altar of an unknown god.
  1419 | D:2      | Became a worshipper of Gozag Ym Sagoz the Greedy
  1692 | D:2      | Reached XP level 4. HP: 22/27 MP: 7/7
  2079 | D:2      | Reached skill level 6 in Poison Magic
  2448 | D:1      | Quit the game

Illustrated notes

Levels and vault maps discovered:
D:1:      lightli_arrival_isolated_outpost, layout_basic
D:2:      minmay_alternating_diamond, layout_basic, basic_altar,
          basic_ecumenical_altar, serial_forest, infiniplex_forest_end_2,
          infiniplex_forest_clump_curved, infiniplex_forest_lined_2,
          infiniplex_forest_pool, infiniplex_forest_lined_3,
          infiniplex_forest_clump_curved

Skill      XL: |  1  2  3  4 |
---------------+-------------+-----
Poison Magic   | 4 5 6 |  6.0
Dodging        | |  2.0
Stealth        | |  2.6
Spellcasting   | |  2.0
Transmutations | |  1.0

Action                     |  1- 3 |  4- 6 || total
---------------------------+-------+-------++-------
  Melee: Unarmed           |    12 |       ||    12
         Constrict         |    17 |     3 ||    20
         Tentacles         |    13 |     4 ||    17
         Dagger            |    53 |    13 ||    66
         Short sword       |     3 |       ||     3
         Punch             |     1 |       ||     1
   Cast: Sting             |    22 |       ||    22
   Stab: Sleeping          |     9 |     2 ||    11
 Armour: Skin              |     6 |       ||     6
  Dodge: Dodged            |    46 |     7 ||    53
